Map: 카이로스 정션 - 래더

Players

Ragnarok (SHIN) - Winner!

  • Race: Zerg Zerg
  • Spawn Location: 5:00

Harstem

  • Race: Protoss Protoss
  • League: Grandmaster
  • Spawn Location: 11:00

Event: 2019 Assembly Summer

VOD

Have the link to the VOD?

Description

Time

  • Played on: Aug. 1, 2019, 8:06 a.m.
  • Length: 7:36

All games in this series

Show
View Real Time Build Order
Export as new Build Order

Ragnarok Zerg - Winner!

Build Orders: Hatch First 

Get SALT Encoding   

  12  0:00  Drone  
  13  0:07  Drone  
  14  0:16  Overlord  
  14  0:21  Extractor  
  13  0:22  Drone  
  15  0:44  Hatchery  
  15  0:47  Drone  
  15  0:51  Drone  
  15  0:55  Drone  
  17  1:05  Drone  
  17  1:09  Extractor  
  17  1:16  Spawning Pool  
  17  1:18  Drone  
  17  1:27  Drone  
  18  1:37  Drone  
  19  1:49  Drone  
  20  2:03  Queen x2  
  20  2:04  Zergling x4  
  26  2:09  Overlord  
  26  2:16  Drone  
  26  2:18  Drone  
  28  2:29  Zergling x4  
  30  2:32  Zergling x2  
  31  2:45  Zergling x2  
  31  2:48  Queen  
  31  2:49  Overlord  
  31  2:50  Drone  
  34  2:54  Drone  
  35  3:01  Drone  
  36  3:06  Hatchery  
  36  3:08  Drone  
  36  3:12  Drone  
  35  3:14  Drone  
  35  3:16  Drone  
  35  3:18  Drone  
  38  3:20  Drone  
  38  3:22  Lair  
  38  3:24  Drone  
  40  3:29  Overlord  
  40  3:36  Roach Warren  
  40  3:38  Extractor  
  40  3:39  Drone  
  39  3:42  Drone  
  39  3:43  Drone  
  42  3:48  Drone x2  
  42  3:49  Drone  
  44  3:55  Queen  
  44  3:58  Drone  
  44  4:00  Drone  
  44  4:02  Drone  
  49  4:03  Drone  
  49  4:06  Drone  
  51  4:10  Overlord  
  51  4:14  Overlord  
  51  4:19  Roach x2  
  51  4:21  Overseer  
  55  4:24  Glial Reconstitution  
  55  4:29  Roach x2  
  59  4:34  Roach x2  
  59  4:38  Roach  
  65  4:39  Roach  
  65  4:42  Roach  
  69  4:46  Spore Crawler  
  69  4:48  Drone x3  
  69  4:50  Drone  
  72  4:53  Extractor  
  72  4:55  Zergling x2  
  72  4:56  Roach  
  75  5:00  Overlord x2  
  75  5:05  Overlord  
  70  5:08  Roach x2  
  70  5:13  Roach  
  71  5:19  Roach  
  73  5:25  Roach  
  75  5:32  Roach  
  77  5:38  Drone x2, Roach  
  77  5:40  Drone  
  81  5:43  Drone x2  
  81  5:47  Roach, Zergling x2  
  86  5:54  Drone  
  86  5:56  Roach x2  
  91  5:59  Drone x2  
  93  6:07  Roach x2  
  97  6:12  Spore Crawler  
  97  6:14  Drone  
  97  6:15  Overlord x2  
  97  6:17  Overseer  
  97  6:20  Overlord  
  97  6:24  Overlord  
  98  6:34  Ravager x2  
  98  6:35  Zergling x2  
  98  6:36  Zergling x10  
  98  6:38  Zergling x4  
  108  6:43  Roach, Zergling x2  
  111  6:49  Ravager, Zergling x8  
  116  6:56  Roach, Zergling x2  
  116  6:57  Zergling x4  
  116  6:59  Overlord  
  116  7:00  Zergling x2  
  122  7:01  Zergling x2  
  122  7:05  Ravager  
  124  7:09  Zergling x6  
  124  7:10  Zergling x4  
  124  7:14  Zergling x2  
  130  7:15  Overlord  
  130  7:19  Zergling x6  
Show
View Real Time Build Order
Export as new Build Order

Harstem Protoss 

Build Orders: 1 Gate Expand, Mass Adepts 

Get SALT Encoding   

  12  0:00  Probe  
  13  0:12  Probe  
  14  0:18  Pylon  
  14  0:25  Probe  
  15  0:35  Probe  
  15  0:36  Gateway  
  16  0:43  Probe  
  16  0:48  Assimilator  
  17  0:53  Probe  
  18  1:05  Probe  
  19  1:17  Probe  
  20  1:24  Cybernetics Core  
  20  1:37  Nexus  
  20  1:44  Pylon  
  20  1:46  Probe  
  21  1:52  Adept  
  21  1:55  Assimilator  
  21  1:58  Probe  
  22  2:05  Warp Gate  
  24  2:10  Probe  
  24  2:12  Adept  
  26  2:22  Probe  
  28  2:32  Twilight Council  
  28  2:35  Probe  
  28  2:36  Stalker  
  31  2:49  Probe  
  31  2:50  Probe  
  33  3:01  Probe  
  33  3:02  Probe, Robotics Facility  
  35  3:11  Resonating Glaives  
  34  3:13  Probe  
  36  3:22  Gateway  
  36  3:26  Probe  
  36  3:33  Gateway  
  37  3:40  Gateway  
  37  3:42  Warp Prism  
  37  3:44  Gateway  
  37  3:52  Probe  
  37  3:55  Adept  
  41  4:01  Probe, Pylon  
  42  4:04  Probe  
  43  4:10  Pylon  
  43  4:17  Probe  
  43  4:18  Adept  
  43  4:20  Adept  
  43  4:22  Probe  
  49  4:29  Probe, Pylon  
  50  4:34  Probe  
  51  4:44  Adept x5  
  61  4:55  Probe  
  61  4:58  Pylon  
  62  5:03  Probe  
  62  5:06  Adept  
  62  5:07  Adept x3, Probe  
  65  5:13  Immortal  
  62  5:15  Probe  
  62  5:18  Probe  
  68  5:23  Probe  
  69  5:30  Probe, Assimilator  
  69  5:32  Pylon  
  69  5:33  Assimilator  
  69  5:34  Probe  
  60  5:41  Warp Prism  
  61  5:47  Probe  
  62  5:54  Sentry x2  
  68  5:57  Probe  
  69  6:06  Immortal  
  69  6:16  Sentry  
  69  6:17  Adept x2  
  69  6:18  Nexus  
  79  6:19  Pylon  
  79  6:22  Adept  
  79  6:24  Probe  
  82  6:28  Probe  
  82  6:31  Forge  
  83  6:36  Probe  
  83  6:38  Stalker  
  86  6:40  Probe  
  86  6:43  Adept x2  
  91  6:49  Probe  
  92  6:58  Probe  
  92  6:59  Pylon  
  93  7:05  Probe  
  94  7:10  Pylon  
  94  7:12  Probe  
  94  7:14  Pylon x2  
  95  7:25  Sentry, Adept x2  
Tags
 
Add a new tag
Caveats
  • Supply blocks, unpowered buildings, or Contaminate may cause inaccurate times.
  • Supply counts are checked every 10 seconds.